 Dungeon Sprint DCSS version 0.30-a0-56-ge6a4009bfd (webtiles) character file.

Game seed: 3533346443976606272

11603 mhtbhm the Metallomancer (level 11, -9/60 HPs)
             Began as a Gargoyle Earth Elementalist on Sept 10, 2022.
             Was the Champion of Vehumet.
             Killed by the air
             ... invoked by Gastronok
              (17 damage)
             ... in the Dungeon (Sprint III: "The Ten Rune Challenge").
             The game lasted 00:09:48 (3463 turns).

mhtbhm the Metallomancer (GrEE)                     Turns: 3463, Time: 00:09:48

Health: -9/60      AC: 15    Str: 12    XL:     11   Next: 80%
Magic:  23/35      EV: 12    Int: 20    God:    Vehumet [******]
Gold:   1753       SH:  0    Dex: 10    Spells: 12/44 levels left

rFire   . . .      SeeInvis .    (no weapon)
rCold   . . .      Faith    .    (no shield)
rNeg    + . .      Spirit   .    a - +3 troll leather armour {Snorg}
rPois   ∞          Reflect  .    (helmet restricted)
rElec   +          Harm     .    (no cloak)
rCorr   .          Rampage  .    (no gloves)
Will    .....      NoTele   +    (no boots)
Stlth   ++........               (no amulet)
HPRegen 1.00/turn                (no ring)
MPRegen 0.24/turn                (no ring)

@: on berserk cooldown, slowed, very slow
A: sickness immunity, AC +8, negative energy resistance 1, electricity
resistance, torment resistance 1, petrification resistance, horns 1, high MP 1
a: Renounce Religion


You were in the Dungeon.
You worshipped Vehumet.
Vehumet was exalted by your worship.
You visited 1 branch You collected 1948 gold pieces.
You spent 195 gold pieces at shops.

Inventory:

Missiles
 p - 7 javelins
Armour
 a - a +3 troll leather armour (worn) {Snorg}
Wands
 m - a wand of iceblast (2)
 o - a wand of polymorph (2)
Scrolls
 c - a scroll of poison {unknown}
 g - a scroll of blinking
 h - 3 scrolls of identify
 j - a scroll of immolation {unknown}
Potions
 b - 3 potions of magic
 d - 4 potions of heal wounds
 e - a potion of haste
 f - a potion of berserk rage
 i - a potion of lignification {unknown}
 k - a potion of degeneration {unknown}
 l - 2 potions of mutation
Miscellaneous
 n - a condenser vane


   Skills:
 + Level 3.1 Fighting
 + Level 4.7 Armour
 + Level 5.2 Dodging
 + Level 5.0 Stealth
 + Level 17.4 Spellcasting
 + Level 7.8 Conjurations
 + Level 2.6 Transmutations
 + Level 1.5 Air Magic
 + Level 21.1 Earth Magic
 + Level 2.2 Poison Magic
 + Level 3.1 Evocations


You had 12 spell levels left.
You knew the following spells:

 Your Spells              Type           Power      Damage    Failure   Level
a - Sandblast             Erth           100%       2d20      0%          1
b - Passwall              Tmut/Erth      50%        N/A       1%          2
c - Stone Arrow           Conj/Erth      100%       3d13      1%          3
d - Petrify               Tmut/Erth      60%        N/A       1%          4
e - Mephitic Cloud        Conj/Pois/Air  33%        N/A       1%          3
f - Lehudib's Crystal Sp  Conj/Erth      33%        10d8      17%         8
g - Iron Shot             Conj/Erth      33%        9d7       1%          6
h - Lee's Rapid Deconstr  Erth           40%        3d21*     0%          5

Your spell library contained the following spells:

 Spells                   Type           Power      Damage    Failure   Level
 Magic Dart               Conj           100%       1d8       1%          1
 Call Imp                 Summ           17%        N/A       6%          2
 Passage of Golubria      Tloc           17%        N/A       38%         4
 Silence                  Hex/Air        10%        N/A       63%         5


Dungeon Overview and Level Annotations

Branches:
Dungeon (1/1)

Altars:
Cheibriados
Dithmenos
Elyvilon
Fedhas
Gozag
Hepliaklqana
Kikubaaqudgha
Makhleb
Nemelex Xobeh
Okawaru
Qazlal
Ru
Sif Muna
Trog
Uskayaw
Vehumet
Wu Jian
Xom
Yredelemnul
Zin
The Shining One
Jiyva
Lugonu

Shops:
D !

Annotations:
D Gastronok


Innate Abilities, Weirdness & Mutations

You are immune to sickness and miasma.
Your stone body is resilient. (AC +8)
You are immune to poison.
You resist negative energy. (rN+)
You are resistant to electric shocks. (rElec)
You are resistant to unholy torment.
You are immune to petrification.
You have a pair of small horns on your head.
You have an increased reservoir of magic. (+10% MP)


Message History

The dire elephant is moderately wounded.
The dire elephant closely misses you. The dire elephant barely misses you.
You barely miss the dire elephant.
The dire elephant is moderately wounded.
The dire elephant barely misses you. x2
You hit the dire elephant but do no damage.
The dire elephant is moderately wounded.
You hit the dire elephant but do no damage.
The dire elephant is moderately wounded.
The dire elephant tramples you.
* * * LOW HITPOINT WARNING * * *
You stumble backwards!
Gastronok chants a spell, wobbling all the while.
Gastronok puts on a burst of speed!
Unknown command.
Unknown command.
You feel a strong urge to attack something.
Unknown command.
You are no longer berserk.
You are exhausted.
You feel yourself slow down.
Unknown command.
Casting: Iron Shot (dangerous; 1% risk of failure)
Confirm with . or Enter, or press ? or * to list all spells.
Okay, then.
Casting: Iron Shot (dangerous; 1% risk of failure)
Confirm with . or Enter, or press ? or * to list all spells.
The spell is extremely dangerous to miscast (17% risk of failure)!
Continue anyway?
Aiming: Lehudib's Crystal Spear (extremely dangerous; 17% risk of failure)
Press: ? - help, Shift-Dir - straight line, f - dire elephant, p - Gastronok
Aim: a dire elephant (moderately wounded, 100% to hit)
The crystal spear hits the dire elephant!!!
The dire elephant is almost dead.
The dire elephant tramples you.
* * * LOW HITPOINT WARNING * * *
You hold your ground!
The dire elephant trunk-slaps you but does no damage.
Gastronok waves his eye-stalks in wide circles.
The air twists around and strikes you!
You die...

#..# #.. ####....#___#__'...#.#.
▓▓▓▓▓▓▓▓▓▓▓▓▓▓▓▓▓▓▓▓▓▓▓▓▓▓▓▓▓▓▓▓
▓.Y.+.≈~~~≈≈~≈♣♣.....♣♣♣♣~~~....
▓.YP#~≈.~§~~§~♣♣.≈≈≈≈'♣♣'♣≈≈≈≈≈≈
▓.PP#≈~~§§§§~~.'.....#.~♣♣♣♣♣♣♣♣
▓.YP#≈.~≈§§≈~≈♣♣♣♣♣♣♣#..♣♣
..$#~~≈.§§§~≈♣ ###'♣♣♣♣♣
▓##'####'#######♣ ♣♣♣♣.##..##
▓.......w)....Y@♣ ♣...##.##)#
▓#+#############+ ♣♣.##.##.##


.JJ ♣..#.##...# ▓..J ♣♣.##.##..# ▓... ♣♣.##.# ### ▓... ♣.....# #+## ####### You
could see Gastronok (swift) and a dire elephant.

Vanquished Creatures
  Rupert (D)
  Snorg (D)
  A centaur warrior (D)
  Urug (D)
  A lindwurm (D)
  An orc knight (D)
  An orc sorcerer (D)
  A deep elf pyromancer (D)
  An unseen horror (D)
  A rime drake (D)
  2 cane toads (D)
  A komodo dragon (D)
  3 wandering mushrooms (D)
  A queen bee (D)
  2 tyrant leeches (D)
  5 blink frogs (D)
  A shadow (D)
  A spatial vortex (D)
  3 redbacks (D)
  2 orc warriors (D)
  A swamp drake (D)
  2 centaurs (D)
  An earth elemental (D)
  A necrophage (D)
  A water elemental (D)
  A scorpion (D)
  28 killer bees (D)
  2 orc priests (D)
  A jelly (D)
  Jessica (D)
  A wizard (D)
  A necromancer (D)
  An orc wizard (D)
  3 humans (D)
  A kobold demonologist (D)
  11 orcs (D)
  3 rats (D)
91 creatures vanquished.

Vanquished Creatures (collateral kills)
  3 killer bees (D)
3 creatures vanquished.

Vanquished Creatures (others)
  A killer bee (D)
1 creature vanquished.

Grand Total: 95 creatures vanquished

Notes
Turn   | Place    | Note
-------+----------+-------------------------------------------
     0 | D        | mhtbhm the Gargoyle Earth Elementalist began the quest for
                  | the Orb.
     0 | D        | Reached XP level 1. HP: 10/10 MP: 3/3
     8 | D        | Reached skill level 4 in Earth Magic
    39 | D        | Noticed Jessica
    43 | D        | Killed Jessica
    44 | D        | Reached skill level 6 in Earth Magic
    44 | D        | Reached XP level 2. HP: 12/15 MP: 1/6
    44 | D        | Reached XP level 3. HP: 15/19 MP: 1/8
   161 | D        | Learned a level 2 spell: Passwall
   167 | D        | Learned a level 3 spell: Stone Arrow
   184 | D        | Gained mutation: You occasionally lose the ability to drink
                  | potions when taking damage. [potion of mutation]
   184 | D        | Gained mutation: Your spells are a little harder to cast,
                  | but a little more powerful. [potion of mutation]
   185 | D        | Lost mutation: You occasionally lose the ability to drink
                  | potions when taking damage. [potion of mutation]
   185 | D        | Lost mutation: Your spells are a little harder to cast, but
                  | a little more powerful. [potion of mutation]
   185 | D        | Gained mutation: You have an increased reservoir of magic.
                  | (+10% MP) [potion of mutation]
   185 | D        | Gained mutation: You have a pair of small horns on your
                  | head. [potion of mutation]
   189 | D        | Noticed a scorpion
   382 | D        | Killed a scorpion
   383 | D        | Reached skill level 5 in Spellcasting
   383 | D        | Reached skill level 1 in Transmutations
   383 | D        | Reached skill level 8 in Earth Magic
   383 | D        | Reached XP level 4. HP: 23/24 MP: 4/12
   394 | D        | Learned a level 4 spell: Petrify
   578 | D        | Noticed a water elemental
   582 | D        | Killed a water elemental
   583 | D        | Reached skill level 9 in Earth Magic
   583 | D        | Reached XP level 5. HP: 18/28 MP: 6/15
   729 | D        | Found a radiant altar of Vehumet.
   729 | D        | Found a shimmering blue altar of Sif Muna.
   729 | D        | Found an ancient bone altar of Kikubaaqudgha.
   733 | D        | Noticed a chaos spawn
   734 | D        | Reached skill level 10 in Earth Magic
   745 | D        | Became a worshipper of Vehumet
   750 | D        | Learned a level 3 spell: Mephitic Cloud
   769 | D        | Found a basalt altar of Yredelemnul.
   769 | D        | Found a shadowy altar of Dithmenos.
   769 | D        | Found a sacrificial altar of Ru.
   771 | D        | Reached XP level 6. HP: 32/32 MP: 14/17
   831 | D        | Found a glowing silver altar of Zin.
   831 | D        | Found a glowing golden altar of the Shining One.
   831 | D        | Found a white marble altar of Elyvilon.
   831 | D        | Noticed a deep elf pyromancer
   833 | D        | Killed a deep elf pyromancer
   833 | D        | Reached * piety under Vehumet
   833 | D        | Offered knowledge of Freeze by Vehumet.
   834 | D        | Reached skill level 10 in Spellcasting
   834 | D        | Reached skill level 13 in Earth Magic
   834 | D        | Reached XP level 7. HP: 37/37 MP: 16/22
   866 | D        | Found a hide-covered altar of Uskayaw.
   866 | D        | Found an iron altar of Okawaru.
   866 | D        | Found a bloodstained altar of Trog.
   866 | D        | Found an ornate altar of the Wu Jian Council.
   866 | D        | Noticed a human
   866 | D        | Noticed a human
   871 | D        | Killed a human
   872 | D        | Reached XP level 8. HP: 42/42 MP: 15/25
   876 | D        | Reached skill level 1 in Fighting
   876 | D        | Reached skill level 14 in Earth Magic
  1006 | D        | Noticed a shadow
  1010 | D        | Killed a shadow
  1010 | D        | Offered knowledge of Static Discharge by Vehumet.
  1010 | D        | Reached ** piety under Vehumet
  1130 | D        | Found a blossoming altar of Fedhas.
  1130 | D        | Found a stormy altar of Qazlal.
  1130 | D        | Found a snail-covered altar of Cheibriados.
  1130 | D        | Found a burning altar of Makhleb.
  1130 | D        | Found a shimmering altar of Xom.
  1131 | D        | Found a hazy altar of Hepliaklqana.
  1131 | D        | Found an opulent altar of Gozag.
  1131 | D        | Found a sparkling altar of Nemelex Xobeh.
  1131 | D        | Found a corrupted altar of Lugonu.
  1131 | D        | Found a viscous altar of Jiyva.
  1156 | D        | Noticed Snorg
  1178 | D        | Killed Snorg
  1178 | D        | Offered knowledge of Ignite Poison by Vehumet.
  1179 | D        | Reached skill level 1 in Conjurations
  1179 | D        | Reached skill level 15 in Earth Magic
  1179 | D        | Reached skill level 1 in Poison Magic
  1179 | D        | Reached skill level 1 in Evocations
  1179 | D        | Reached XP level 9. HP: 47/47 MP: 11/28
  1405 | D        | Noticed an orc knight
  1406 | D        | Noticed an orc sorcerer
  1407 | D        | Found Luamucick's Distillery.
  1408 | D        | Reached *** piety under Vehumet
  1409 | D        | Offered knowledge of Olgreb's Toxic Radiance by Vehumet.
  1409 | D        | Reached **** piety under Vehumet
  1413 | D        | Killed an orc sorcerer
  1413 | D        | Reached ***** piety under Vehumet
  1414 | D        | Reached skill level 1 in Armour
  1414 | D        | Reached skill level 1 in Air Magic
  1414 | D        | Reached skill level 16 in Earth Magic
  1414 | D        | HP: 2/48 [orc knight/+0 battleaxe (23)]
  1417 | D        | Killed an orc knight
  1685 | D        | Bought a potion of heal wounds for 65 gold pieces
  1685 | D        | Bought a potion of heal wounds for 65 gold pieces
  1685 | D        | Bought a potion of heal wounds for 65 gold pieces
  1699 | D        | Offered knowledge of Airstrike by Vehumet.
  1768 | D        | Noticed a centaur warrior
  1770 | D        | Reached XP level 10. HP: 48/53 MP: 22/30
  1770 | D        | Reached ****** piety under Vehumet
  1774 | D        | Killed a centaur warrior
  1775 | D        | Reached skill level 17 in Earth Magic
  1842 | D        | Learned a level 8 spell: Lehudib's Crystal Spear
  1851 | D        | Killed an unseen horror
  1851 | D        | Offered knowledge of Yara's Violent Unravelling by Vehumet.
  1983 | D        | Reached skill level 5 in Conjurations
  1995 | D        | Reached skill level 18 in Earth Magic
  2092 | D        | Offered knowledge of Iron Shot by Vehumet.
  2094 | D        | Reached skill level 15 in Spellcasting
  2106 | D        | Learned a level 6 spell: Iron Shot
  2110 | D        | Offered knowledge of Eringya's Noxious Bog by Vehumet.
  2124 | D        | Reached skill level 19 in Earth Magic
  2231 | D        | Noticed a cane toad
  2231 | D        | Noticed a cane toad
  2233 | D        | Killed a cane toad
  2234 | D        | Reached XP level 11. HP: 38/58 MP: 33/33
  2449 | D        | Offered knowledge of Starburst by Vehumet.
  2629 | D        | Noticed a lindwurm
  2636 | D        | Killed a lindwurm
  2640 | D        | Reached skill level 20 in Earth Magic
  2873 | D        | Noticed Urug
  2885 | D        | Killed Urug
  2886 | D        | Reached skill level 5 in Dodging
  3153 | D        | Offered knowledge of Lee's Rapid Deconstruction by Vehumet.
  3278 | D        | Learned a level 5 spell: Lee's Rapid Deconstruction
  3285 | D        | Reached skill level 5 in Stealth
  3323 | D        | Noticed Rupert
  3326 | D        | Paralysed by Rupert for 3 turns
  3329 | D        | Killed Rupert
  3330 | D        | Reached skill level 21 in Earth Magic
  3409 | D        | Noticed an azure jelly
  3409 | D        | Noticed an azure jelly
  3409 | D        | Noticed an azure jelly
  3409 | D        | Noticed an azure jelly
  3410 | D        | Noticed a dire elephant
  3410 | D        | Noticed a dire elephant
  3410 | D        | Noticed Gastronok
  3463 | D        | Killed from afar by Gastronok

Illustrated notes

Levels and vault maps discovered:
D:        dungeon_sprint_mu [sprint_mu_entry_cave, sprint_mu_temple_rooms,
          sprint_mu_d1_horrors, sprint_mu_d2_genie, sprint_mu_d3_branching,
          sprint_mu_orc_legion, sprint_mu_elf_gauntlet, sprint_mu_hive_nellie,
          sprint_mu_lair_fedhas, sprint_mu_vaults_butterflies,
          sprint_mu_slime_circle, sprint_mu_swamp_cave, sprint_mu_shoals_archi,
          sprint_mu_blade_basic, sprint_mu_crypt_lich, sprint_mu_tomb_spiral,
          sprint_mu_vestibule_basic, sprint_mu_gehenna_hellfire,
          sprint_mu_dis_giant, sprint_mu_tartarus_statrot,
          sprint_mu_cocytus_islands, sprint_mu_zot1]

Skill      XL: |  1  2  3  4  5  6  7  8  9 10 11 |
---------------+----------------------------------+-----
Earth Magic    | 6 8 9 10 13 15 16 19 21 | 21.1
Dodging        | 2 3 4 5 |  5.2
Spellcasting   | 3 5 6 7 10 12 13 15 17 | 17.4
Stealth        | 3 4 5 |  5.0
Transmutations | 1 2 |  2.6
Fighting       | 1 2 3 |  3.1
Conjurations   | 1 3 6 7 |  7.8
Poison Magic   | 1 2 |  2.2
Evocations     | 1 2 3 |  3.1
Armour         | 2 4 |  4.7
Air Magic      | 1 |  1.5

Action                   |  1- 3 |  4- 6 |  7- 9 | 10-12 || total
-------------------------+-------+-------+-------+-------++-------
Melee: Unarmed           |       |       |       |     6 ||     6
       Headbutt          |       |       |       |     2 ||     2
 Cast: Sandblast         |    18 |    12 |    19 |    69 ||   118
       Passwall          |     1 |       |       |       ||     1
       Stone Arrow       |       |     1 |    16 |    20 ||    37
       Mephitic Cloud    |       |       |     4 |     1 ||     5
       Petrify           |       |       |     3 |     2 ||     5
       Iron Shot         |       |       |       |     9 ||     9
       Lehudib's Crystal |       |       |       |     2 ||     2
       Lee's Rapid Decon |       |       |       |     1 ||     1
Evoke: Wand              |       |       |     3 |       ||     3
       Condenser vane    |       |       |     3 |     2 ||     5
  Use: Potion            |     3 |       |     2 |     4 ||     9
       Scroll            |       |       |     1 |       ||     1
Armor: Robe              |     3 |     2 |     1 |       ||     6
       Troll leather arm |       |       |     2 |    21 ||    23
Dodge: Dodged            |     9 |     1 |     3 |    52 ||    65

Table legend: (Time is in decaauts)
 A = Elapsed time spent in this place.
 B = Non-inter-level travel time spent in this place.
 C = Inter-level travel time spent in this place.
 D = Time resting spent in this place.
 E = Time spent auto-exploring this place.
 F = Levels seen in this place.
 G = Mean time per level.
                   A        B        C        D        E       F      G
               +--------+--------+--------+--------+--------+-----+--------+
         Total |   3537 |   3537 |      0 |   2717 |     27 |   1 | 3537.0 |
       Dungeon |   3537 |   3537 |      0 |   2717 |     27 |   1 | 3537.0 |
               +--------+--------+--------+--------+--------+-----+--------+

Top non-repeatable levels by time:
       D: 3537 daAuts
